[Event "Titled Tuesday Blitz August 16 Late 2022"]
[White "Shapiro, Daniel"]
[Black "Gascon Del Nogal, Jose Rafael"]
[WhiteFideId "2001780"]
[BlackFideId "3902463"]
[WhiteElo "2284"]
[BlackElo "2473"]
[Result "1-0"]
[Round "05"]
[TimeControl "180+1"]
[Date "2022.08.18"]
[WhiteClock "0:00:00"]
[BlackClock "0:00:00"]

1. d4 Nf6 2. c4 g6 3. Nc3 Bg7 4. e4 d6 5. Be2 O-O 6. Nf3 e5 7. O-O exd4 8. Nxd4 Re8 9. f3 Nc6 10. Nc2 Nd7 11. Be3 Nc5 12. Qd2 a5 13. Rad1 a4 14. Bg5 f6 15. Bh4 Be6 16. Nd5 g5 17. Bf2 f5 18. exf5 Bxf5 19. Nd4 Nxd4 20. Bxd4 Bxd4+ 21. Qxd4 Rxe2 22. Nf6+ Kf7 23. Nh5 Qh8 24. Qd5+ Kg6 25. Ng3 Re5 26. Qd2 Rae8 27. Nxf5 Rxf5 28. Qc2 Kf6 29. b4 axb3 30. axb3 Qf8 31. g4 Rf4 32. Qxh7 Qg7 33. Qc2 Nd7 34. Rd5 Ne5 35. c5 Qf7 36. Qd2 Kg7 37. cxd6 cxd6 38. Rxd6 Re6 39. Rd5 Nxf3+ 40. Rxf3 Rxf3 41. Rxg5+ Rg6 42. Qd4+ Qf6 43. Rxg6+ Kxg6 44. Qe4+ Kg5 45. Kg2 Rf2+ 46. Kg3 Qf4+ 47. Qxf4+ 1-0


[Site "https://www.chess.com"]

[Event "Titled Tuesday Blitz August 16 Late 2022"]
[White "Shimanov, Aleksandr"]
[Black "Leitao, Rafael"]
[WhiteFideId "4198603"]
[BlackFideId "2101246"]
[WhiteElo "2605"]
[BlackElo "2609"]
[Result "1-0"]
[Round "05"]
[TimeControl "180+1"]
[Date "2022.08.16"]
[WhiteClock "0:00:06"]
[BlackClock "0:00:05"]

1. e4 c5 2. Nf3 d6 3. d4 cxd4 4. Qxd4 Nc6 5. Bb5 a6 6. Bxc6+ bxc6 7. O-O e5 8. Qa4 Bd7 9. c4 Qc7 10. Nc3 Nf6 11. Bg5 Be7 12. Rad1 O-O 13. Qc2 Be6 14. b3 h6 15. Bh4 Rad8 16. Rd2 g5 17. Bg3 Nd7 18. Na4 f5 19. exf5 Bxf5 20. Qd1 Bg4 21. Qb1 Rf6 22. c5 d5 23. Nxe5 Nxe5 24. Re1 Re6 25. h3 Bh5 26. Kh1 Bf6 27. f4 gxf4 28. Bxf4 Rde8 29. Rf1 Qh7 30. Qxh7+ Kxh7 31. Nb6 Ng6 32. Bd6 Re1 33. Rf2 Rxf1+ 34. Rxf1 Kg7 35. Nd7 Bc3 36. g4 d4 37. Nf6 Bxg4 38. Nxe8+ Kg8 39. Nf6+ 1-0


[Site "https://www.chess.com"]

[Event "Titled Tuesday Blitz August 16 Late 2022"]
[White "Sokolovsky, Yahli"]
[Black "Ferreira, Vitor Hugo Vieira"]
[WhiteFideId "2820242"]
[BlackFideId "2119765"]
[WhiteElo "1867"]
[BlackElo "2168"]
[Result "1-0"]
[Round "05"]
[TimeControl "180+1"]
[Date "2022.08.18"]
[WhiteClock "0:00:00"]
[BlackClock "0:00:00"]

1. b3 Nf6 2. Bb2 e6 3. Nf3 Be7 4. e3 O-O 5. d4 d5 6. Bd3 c5 7. O-O Nc6 8. a3 b6 9. Nbd2 Bb7 10. Ne5 Nxe5 11. dxe5 Ne4 12. Bxe4 dxe4 13. Qe2 Qc8 14. Rad1 Ba6 15. Nc4 b5 16. Nd6 Bxd6 17. exd6 b4 18. Qg4 g6 19. Bf6 h6 20. d7 Qc6 21. Qh4 Kh7 22. Rfe1 bxa3 23. Be7 Rg8 24. d8=Q Raxd8 25. Bxd8 a2 26. Qf6 Rg7 27. Be7 g5 28. Bf8 Rg8 29. Qxh6# 1-0


[Site "https://www.chess.com"]

[Event "Titled Tuesday Blitz August 16 Late 2022"]
[White "Stanisz, Patryk"]
[Black "Quispe Santacruz, Javier"]
[WhiteFideId "1123106"]
[BlackFideId "3800920"]
[WhiteElo "1833"]
[BlackElo "1929"]
[Result "1-0"]
[Round "05"]
[TimeControl "180+1"]
[Date "2022.08.18"]
[WhiteClock "0:00:00"]
[BlackClock "0:00:00"]

1. d4 d5 2. c4 c6 3. Nc3 Nf6 4. e3 g6 5. Nf3 Bg7 6. Be2 O-O 7. O-O dxc4 8. Bxc4 Bf5 9. Nh4 Bg4 10. Qb3 b5 11. Bd3 Be6 12. Qc2 Na6 13. a3 Nc7 14. Nf3 a5 15. Ne5 Bd7 16. Ne4 Qe8 17. b3 Rc8 18. Bb2 Nfd5 19. Nc5 Bxe5 20. dxe5 Be6 21. Rac1 h5 22. Qd2 b4 23. a4 h4 24. f4 h3 25. e4 Nc3 26. f5 Bd7 27. f6 exf6 28. exf6 hxg2 29. Qh6 gxf1=Q+ 30. Rxf1 Ne6 31. Nxe6 1-0


[Site "https://www.chess.com"]

[Event "Titled Tuesday Blitz August 16 Late 2022"]
[White "Stanojoski, Zvonko"]
[Black "Michalski, Olaf"]
[WhiteFideId "15000257"]
[BlackFideId "1106740"]
[WhiteElo "2364"]
[BlackElo "1937"]
[Result "1-0"]
[Round "05"]
[TimeControl "180+1"]
[Date "2022.08.18"]
[WhiteClock "0:00:00"]
[BlackClock "0:00:00"]

1. c4 Nf6 2. g3 g6 3. Bg2 Bg7 4. Nf3 O-O 5. O-O d5 6. cxd5 Nxd5 7. Nc3 Nxc3 8. dxc3 Qxd1 9. Rxd1 e5 10. Be3 f6 11. Bc5 Re8 12. Nd2 Nd7 13. Ba3 Nb6 14. c4 c6 15. Rac1 f5 16. c5 Nd5 17. Nc4 e4 18. Nd6 Re7 19. e3 Be6 20. Bf1 Rd7 21. Bc4 Rad8 22. h4 b5 23. cxb6 axb6 24. Bxd5 Bxd5 25. Nc4 Bxc4 26. Rxd7 Rxd7 27. Rxc4 Rd1+ 28. Kg2 c5 29. b4 Rd3 30. Bc1 cxb4 31. Rxb4 Rc3 32. Bb2 Rc6 33. Bd4 Bxd4 34. Rxd4 h5 35. Rd7 Rc2 36. Rd6 Rxa2 37. Rxg6+ Kf7 38. Rxb6 Re2 39. Rh6 1-0


[Site "https://www.chess.com"]

[Event "Titled Tuesday Blitz August 16 Late 2022"]
[White "Swiercz, Dariusz"]
[Black "Leenhouts, Koen"]
[WhiteFideId "1126881"]
[BlackFideId "1008439"]
[WhiteElo "2627"]
[BlackElo "2409"]
[Result "1-0"]
[Round "05"]
[TimeControl "180+1"]
[Date "2022.08.16"]
[WhiteClock "0:00:26"]
[BlackClock "0:00:02"]

1. b3 d5 2. Bb2 Nf6 3. e3 g6 4. Bxf6 exf6 5. d4 Bg7 6. Nf3 O-O 7. g3 c6 8. Bg2 a5 9. a3 Nd7 10. O-O f5 11. c4 dxc4 12. bxc4 Nf6 13. Nc3 Be6 14. Qe2 Ne4 15. Rfc1 Nxc3 16. Rxc3 c5 17. Rd1 cxd4 18. Nxd4 Qe7 19. Rb3 Rab8 20. Nxe6 fxe6 21. Rdb1 b6 22. a4 Qc7 23. Rb5 Rfd8 24. Qa2 Bf8 25. c5 Bxc5 26. Qxe6+ Qf7 27. Qe5 Rbc8 28. h4 h5 29. Bf3 Kh7 30. Kg2 Rd2 31. Rxb6 Bxb6 32. Rxb6 Re8 33. Qc3 Rd7 34. Qxa5 Ree7 35. Qc3 Qg7 36. Qb4 Rc7 37. a5 Rc2 38. a6 Rec7 39. Rb7 Ra2 40. Qb6 Re7 41. a7 Rxa7 42. Qxa7 Rxb7 43. Qxb7 1-0


[Site "https://www.chess.com"]

[Event "Titled Tuesday Blitz August 16 Late 2022"]
[White "Taboas Rodriguez, Daniel"]
[Black "Graif, William"]
[WhiteFideId "2208466"]
[BlackFideId "2609835"]
[WhiteElo "2429"]
[BlackElo "1942"]
[Result "0-1"]
[Round "05"]
[TimeControl "180+1"]
[Date "2022.08.18"]
[WhiteClock "0:00:00"]
[BlackClock "0:00:00"]

1. d4 Nf6 2. Nf3 d5 3. c4 e6 4. Bg5 a6 5. e3 dxc4 6. Bxc4 b5 7. Bd3 Bb7 8. O-O h6 9. Bh4 c5 10. a4 b4 11. Nbd2 Nbd7 12. Rc1 Rc8 13. Qe2 Be7 14. Bxa6 Bxa6 15. Qxa6 O-O 16. Rfd1 Nd5 17. Bg3 Ra8 18. Qc6 Qc8 19. Qxc8 Rfxc8 20. e4 N5b6 21. b3 c4 22. Nxc4 Nxc4 23. Rxc4 Rxc4 24. bxc4 Rxa4 25. Rb1 b3 26. Kf1 Rb4 27. c5 b2 28. c6 Nb6 29. c7 Kf8 30. Ne5 Ke8 31. Nc6 Rc4 32. d5 exd5 33. exd5 Rc1+ 34. Ke2 Rxb1 35. d6 Bxd6 36. Bxd6 Rc1 37. Ba3 Rc2+ 38. Kd3 b1=Q 39. Nd4 Rc4+ 40. Ke3 Rxd4 41. Kxd4 Qb3 42. Bc5 Qc4+ 43. Ke3 Qxc5+ 44. Kf3 Qxc7 45. Ke2 Qd7 46. g3 f6 47. Kf3 Kf7 48. Kg2 g6 49. h4 h5 50. g4 g5 51. gxh5 gxh4 52. h6 Kg8 53. h7+ Kxh7 54. Kh2 Kh6 55. f4 Kh5 56. f5 Qxf5 57. Kg1 Qc2 58. Kh1 Qe2 59. Kg1 Kg4 60. Kh1 Kg3 61. Kg1 Qg2# 0-1


[Site "https://www.chess.com"]

[Event "Titled Tuesday Blitz August 16 Late 2022"]
[White "Tanenbaum, Zachary"]
[Black "Nazaretyan, Tigran"]
[WhiteFideId "2060850"]
[BlackFideId "24162345"]
[WhiteElo "2175"]
[BlackElo "2183"]
[Result "1/2-1/2"]
[Round "05"]
[TimeControl "180+1"]
[Date "2022.08.16"]
[WhiteClock "0:00:10"]
[BlackClock "0:00:17"]

1. e4 c5 2. Nf3 Nc6 3. Nc3 d6 4. d4 cxd4 5. Nxd4 Nf6 6. Bg5 e6 7. Bb5 Bd7 8. Qd3 Be7 9. O-O-O Rc8 10. Bxc6 Bxc6 11. Ndb5 Bxb5 12. Qxb5+ Qd7 13. Qxd7+ Nxd7 14. Bxe7 Kxe7 15. f4 a6 16. Rd2 Rc6 17. Rhd1 Rhc8 18. Ne2 b5 19. Nd4 Rc4 20. Nb3 R4c6 21. Rd4 Nc5 22. Nxc5 Rxc5 23. R1d2 R8c6 24. c3 a5 25. Kd1 a4 26. a3 g5 27. g3 gxf4 28. gxf4 Rh5 29. Rg2 Rh4 30. Rf2 Rc5 31. Rb4 f5 32. exf5 Rxf5 33. Ke2 Rfh5 34. Ke3 Rh3+ 35. Ke2 Rxh2 36. Rxh2 Rxh2+ 37. Kf3 Rh5 38. c4 bxc4 39. Rxc4 Rh3+ 40. Kg4 Rb3 41. Rxa4 Kf6 42. Ra7 h6 43. a4 Rxb2 44. a5 Rb4 45. Kf3 Ra4 46. a6 e5 47. fxe5+ Kxe5 48. Rh7 Ra3+ 49. Ke2 Rxa6 50. Rxh6 Kd4 51. Kd2 Ra2+ 52. Kd1 d5 53. Rh4+ Kc3 54. Rh3+ Kc4 55. Rg3 Rb2 56. Rh3 Rf2 57. Rg3 d4 58. Rh3 Rf7 59. Rg3 Re7 60. Kd2 Ra7 61. Rh3 Ra2+ 62. Kd1 Kd5 63. Rg3 Ke4 64. Rh3 Kd5 65. Rg3 Kc4 66. Rh3 Rg2 67. Kc1 Rg5 68. Kd2 Rc5 69. Rg3 Rf5 70. Rh3 Ra5 71. Rg3 Ra2+ 72. Kd1 d3 73. Rg8 Ra5 74. Rc8+ Rc5 75. Rxc5+ Kxc5 76. Kd2 Kd4 77. Kd1 Ke4 78. Kd2 Kd4 79. Kd1 Kc5 80. Kd2 Kc4 81. Kd1 Kc3 82. Kc1 d2+ 83. Kd1 Kd3 1/2-1/2


[Site "https://www.chess.com"]

[Event "Titled Tuesday Blitz August 16 Late 2022"]
[White "Thomforde-Toates, Noah"]
[Black "Urazayev, Arystanbek"]
[WhiteFideId "30951992"]
[BlackFideId "13709810"]
[WhiteElo "2619"]
[BlackElo "2441"]
[Result "0-1"]
[Round "05"]
[TimeControl "180+1"]
[Date "2022.08.16"]
[WhiteClock "0:00:08"]
[BlackClock "0:00:22"]

1. d4 Nf6 2. Nc3 e6 3. Bf4 Bb4 4. e3 c5 5. Ne2 Nc6 6. a3 Bxc3+ 7. Nxc3 cxd4 8. exd4 O-O 9. Bd6 Ne7 10. Bg3 Nf5 11. Bd3 d6 12. Bxf5 exf5 13. O-O Ne4 14. Nxe4 fxe4 15. d5 f5 16. Bf4 g5 17. Be3 f4 18. Bd4 f3 19. Re1 Bf5 20. Bc3 Qb6 21. Qd2 h6 22. h4 Rae8 23. hxg5 e3 24. Rxe3 Rxe3 25. fxe3 Be4 26. gxf3 Rxf3 27. Qd4 Qxd4 28. Bxd4 hxg5 29. c4 g4 30. Rf1 Rh3 31. Kf2 g3+ 32. Ke1 g2 33. Rg1 b6 34. b4 Kf7 35. a4 Ke8 36. b5 Kd7 37. a5 bxa5 38. Bxa7 a4 39. Bd4 a3 40. Kf2 a2 41. b6 Kc8 42. Rc1 Kb7 43. Ra1 Rh7 44. Rg1 Rf7+ 45. Ke2 Rf1 46. Rxf1 Bd3+ 47. Kxd3 gxf1=Q+ 48. Kc3 a1=Q+ 49. Kb3 Qfb1+ 50. Bb2 Qbxb2# 0-1


[Site "https://www.chess.com"]

[Event "Titled Tuesday Blitz August 16 Late 2022"]
[White "Tristan, Leonardo"]
[Black "Dilanyan, Grigor"]
[WhiteFideId "113816"]
[BlackFideId "13303570"]
[WhiteElo "2404"]
[BlackElo "2264"]
[Result "1-0"]
[Round "05"]
[TimeControl "180+1"]
[Date "2022.08.16"]
[WhiteClock "0:00:56"]
[BlackClock "0:00:12"]

1. d4 Nf6 2. Nf3 c5 3. c3 b6 4. Bf4 Bb7 5. e3 e6 6. Nbd2 Be7 7. h3 O-O 8. Bd3 d6 9. O-O Nbd7 10. Bh2 Re8 11. a4 a6 12. e4 e5 13. dxe5 Nxe5 14. Nxe5 dxe5 15. Qe2 Bd6 16. Nc4 Bc7 17. Rfd1 Qe7 18. Qf3 b5 19. Ne3 c4 20. Bc2 g6 21. Bg3 Nh5 22. Ng4 Nf4 23. Nh6+ Kg7 24. Qg4 Kxh6 25. Rd7 Kg7 26. Rxe7 Rxe7 27. axb5 axb5 28. Rxa8 Bxa8 29. Qc8 Bc6 30. Kh2 g5 31. f3 f6 32. Bf2 Ne6 33. Qa6 Bd7 34. b3 cxb3 35. Bxb3 Nf4 36. Bc5 Re8 37. Qb7 Rc8 38. Bd6 Bxd6 39. Qxd7+ Kg6 40. Bf7+ Kg7 41. Be6+ Kg6 42. Bf5+ 1-0


[Site "https://www.chess.com"]

[Event "Titled Tuesday Blitz August 16 Late 2022"]
[White "Turayev, Shahruh"]
[Black "Voege, Tobias"]
[WhiteFideId "14003856"]
[BlackFideId "1270513"]
[WhiteElo "2217"]
[BlackElo "2360"]
[Result "0-1"]
[Round "05"]
[TimeControl "180+1"]
[Date "2022.08.18"]
[WhiteClock "0:00:00"]
[BlackClock "0:00:00"]

1. e4 e6 2. Nc3 d5 3. exd5 exd5 4. d4 Nc6 5. Nf3 Nge7 6. Bd3 Bg4 7. h3 Bxf3 8. Qxf3 Nxd4 9. Qg4 Ndc6 10. Bg5 Qd7 11. Qg3 O-O-O 12. O-O-O f6 13. Bf4 Nb4 14. Nb5 a6 15. Bxc7 axb5 16. Bxd8 Nxd3+ 17. Qxd3 Kxd8 18. Rhe1 Kc7 19. Kb1 g6 20. Qd4 Qc6 21. g4 h5 22. Re3 Kd7 23. Rc3 Qd6 24. Qa7 hxg4 25. Qxb7+ Ke8 26. hxg4 b4 27. Re3 Rh7 28. Ree1 Kf7 29. Rxd5 Qf4 30. Rd7 Qxf2 31. Rdxe7+ Kg8 0-1


[Site "https://www.chess.com"]

[Event "Titled Tuesday Blitz August 16 Late 2022"]
[White "Uskov, Artem"]
[Black "Kolb, Tobias"]
[WhiteFideId "34254854"]
[BlackFideId "12992321"]
[WhiteElo "2335"]
[BlackElo "2224"]
[Result "0-1"]
[Round "05"]
[TimeControl "180+1"]
[Date "2022.08.18"]
[WhiteClock "0:00:00"]
[BlackClock "0:00:00"]

1. e4 d6 2. d4 e5 3. d5 g6 4. Bd3 Bg7 5. c4 Ne7 6. Nc3 O-O 7. Be3 Na6 8. Qd2 Nc5 9. Bc2 f5 10. f3 a5 11. O-O-O b6 12. h4 f4 13. Bf2 h6 14. Kb1 Bd7 15. g3 fxg3 16. Bxg3 Kh7 17. Rf1 Ng8 18. Nge2 Nf6 19. f4 Nh5 20. Bh2 Bh3 21. Rfg1 Qxh4 22. f5 gxf5 23. exf5 Bf6 24. Ng3 Rg8 25. Nce2 Rg4 26. Nxh5 Qxh5 27. Rxg4 Qxg4 28. Rg1 Qxc4 29. Nc3 Rg8 30. Rg6 Qf1+ 31. Nd1 Rxg6 32. fxg6+ Kg7 33. a3 Bf5 34. Bxf5 Qxf5+ 35. Ka2 Qxg6 36. Qe2 Qe4 37. Qd2 Bg5 38. Qf2 Qxd5+ 39. Kb1 Qxd1+ 40. Ka2 Qd5+ 41. Ka1 Qd1+ 42. Ka2 Nd3 43. Qf5 Nc1+ 44. Kb1 Nb3+ 45. Ka2 a4 46. Qd7+ Kg6 47. Qe6+ Bf6 48. Qg8+ Kh5 49. Qf7+ Kg5 50. Qg8+ Kf5 51. Qh7+ Ke6 52. Qg8+ Kd7 53. Qf7+ Be7 54. Qf5+ Kd8 55. Qb1 Qxb1+ 56. Kxb1 b5 57. Kc2 Kd7 58. Kc3 Ke6 59. Kb4 c6 60. Kc3 d5 61. Kc2 Bd6 62. Bg1 e4 63. Be3 h5 64. Bg1 h4 65. Kd1 h3 66. Ke2 h2 67. Bxh2 Bxh2 68. Kd1 Be5 69. Ke2 Bxb2 70. Kd1 Bxa3 71. Ke2 Bc5 72. Kd1 d4 73. Ke2 Kd5 74. Kd1 Kc4 75. Ke2 a3 76. Kd1 a2 77. Ke2 a1=Q 78. Kf2 Qd1 79. Kg3 Qf3+ 80. Kh4 Qg2 81. Kh5 e3 82. Kh6 e2 83. Kh7 e1=Q 0-1


[Site "https://www.chess.com"]

[Event "Titled Tuesday Blitz August 16 Late 2022"]
[White "Vasquez Schroeder, Rodrigo"]
[Black "Goryachkina, Aleksandra"]
[WhiteFideId "3400042"]
[BlackFideId "4147103"]
[WhiteElo "2567"]
[BlackElo "2426"]
[Result "1-0"]
[Round "05"]
[TimeControl "180+1"]
[Date "2022.08.16"]
[WhiteClock "0:00:13"]
[BlackClock "0:00:04"]

1. e4 c6 2. d4 d5 3. exd5 cxd5 4. Bd3 Nc6 5. c3 Nf6 6. Bf4 Bg4 7. Qb3 Qd7 8. Nd2 e6 9. Ngf3 Bd6 10. Bxd6 Qxd6 11. O-O O-O 12. Rae1 Qc7 13. Ne5 Nxe5 14. Rxe5 Nd7 15. Re3 Bh5 16. Rfe1 a6 17. a4 Rfe8 18. h3 Bg6 19. Bxg6 hxg6 20. Nf3 Re7 21. Qb4 Rae8 22. Ng5 a5 23. Qa3 Qf4 24. Nf3 f6 25. Qb3 b6 26. Qb5 g5 27. Qc6 Kf7 28. g3 Qb8 29. Qb5 Qc7 30. Qd3 Rh8 31. Kg2 Nf8 32. b3 Qd7 33. R1e2 e5 34. Ng1 e4 35. Qb5 f5 36. f4 gxf4 37. gxf4 g5 38. Rf2 Qxb5 39. axb5 Ng6 40. Ne2 Rh4 41. Kg3 Kf6 42. fxg5+ Kxg5 43. Kh2 f4 44. Rg2+ Kf5 45. Rf2 Kg5 46. Rg2+ Kh6 47. Nxf4 Nxf4 48. Rgg3 Ng6 49. c4 Rf7 50. cxd5 Rf5 51. Rc3 Rg5 52. Rc6 Rxg3 53. Kxg3 e3 54. Re6 Rxd4 55. Rxe3 Rxd5 56. Kg4 Rxb5 57. Rc3 Rb4+ 58. Kf5 Nf4 59. Rc6+ Kg7 60. Rc7+ Kf8 61. Rc3 Nd5 62. Rd3 Ne7+ 63. Kf6 Ng8+ 64. Ke6 Kg7 65. Rg3+ Kh7 66. Kf7 Nh6+ 67. Kf6 b5 68. Rg7+ Kh8 69. Ra7 Ng8+ 70. Kg6 a4 71. Rh7# 1-0


[Site "https://www.chess.com"]

[Event "Titled Tuesday Blitz August 16 Late 2022"]
[White "Vlassov, Nikolai"]
[Black "Badmatsyrenov, Oleg"]
[WhiteFideId "4103360"]
[BlackFideId "24115762"]
[WhiteElo "2324"]
[BlackElo "2403"]
[Result "1/2-1/2"]
[Round "05"]
[TimeControl "180+1"]
[Date "2022.08.16"]
[WhiteClock "0:00:05"]
[BlackClock "0:00:03"]

1. e4 c5 2. c3 d5 3. exd5 Qxd5 4. d4 Nf6 5. Nf3 Bg4 6. dxc5 Qxc5 7. h3 Bf5 8. Be3 Qc7 9. Na3 a6 10. Nc4 Nbd7 11. a4 e5 12. a5 Be7 13. Be2 O-O 14. O-O Rfd8 15. Qb3 Be6 16. Ng5 Bd5 17. Qa4 Nc5 18. Bxc5 Bxc5 19. Rad1 e4 20. h4 h6 21. Nh3 Be6 22. Rxd8+ Rxd8 23. Rd1 Rxd1+ 24. Qxd1 Bxh3 25. gxh3 Qg3+ 26. Kh1 Qxh3+ 27. Kg1 Qg3+ 28. Kh1 Qxh4+ 29. Kg2 Qxf2+ 30. Kh1 Qh4+ 31. Kg2 Qg5+ 32. Kh1 Qh4+ 33. Kg2 g6 34. b4 Ba7 35. Qd8+ Kg7 36. Nb6 Qg5+ 37. Kf1 Bxb6 38. axb6 Nd5 39. Qxg5 hxg5 40. Bxa6 Nxb6 41. Bxb7 f5 42. Ba6 Kf6 43. c4 Ke7 44. c5 Nd5 45. b5 Kd8 46. b6 e3 47. Bc4 Nb4 48. Bf7 f4 49. Bxg6 g4 50. Bf5 g3 51. Be4 Na6 52. c6 Nc7 53. bxc7+ Kxc7 54. Ke2 Kd6 55. Bg2 Kc7 56. Kf3 Kd6 57. Ke2 Kc7 58. Bf3 Kd6 59. Bg2 1/2-1/2


[Site "https://www.chess.com"]

[Event "Titled Tuesday Blitz August 16 Late 2022"]
[White "Wachinger, Guenther"]
[Black "Blanco Ronquillo, Humberto L."]
[WhiteFideId "4604261"]
[BlackFideId "3504239"]
[WhiteElo "2212"]
[BlackElo "2425"]
[Result "1-0"]
[Round "05"]
[TimeControl "180+1"]
[Date "2022.08.18"]
[WhiteClock "0:00:00"]
[BlackClock "0:00:00"]

1. e4 c5 2. Nf3 Nc6 3. d4 cxd4 4. Nxd4 e5 5. Nb5 d6 6. N1c3 a6 7. Na3 Be7 8. Nd5 Nf6 9. Nxf6+ Bxf6 10. Nc4 O-O 11. c3 Be7 12. Ne3 Be6 13. Be2 Rc8 14. O-O Bg5 15. Nd5 Bxc1 16. Rxc1 Ne7 17. Nxe7+ Qxe7 18. Qd2 Rc6 19. Rcd1 Bxa2 20. g3 Bb3 21. Ra1 Rd8 22. Bd1 Be6 23. Ba4 Rcc8 24. Rfd1 d5 25. exd5 Bxd5 26. Qe3 Qc7 27. Bc2 Be6 28. Qe4 g6 29. Re1 Rd2 30. Rac1 Bf5 31. Qa4 Qc5 32. Rf1 Bh3 33. Rcd1 Rcd8 34. Rxd2 Rxd2 35. Qe8+ Kg7 36. Bb3 Bxf1 37. Qxf7+ Kh6 38. Kxf1 Rxb2 39. h4 Rb1+ 40. Kg2 Qc6+ 41. Bd5 Qd6 42. g4 Rd1 43. Bf3 g5 44. h5 Rd3 45. Be4 1-0


[Site "https://www.chess.com"]

[Event "Titled Tuesday Blitz August 16 Late 2022"]
[White "Wadsworth, Matthew J"]
[Black "Zou, Chen"]
[WhiteFideId "415804"]
[BlackFideId "8610959"]
[WhiteElo "2294"]
[BlackElo "2276"]
[Result "0-1"]
[Round "05"]
[TimeControl "180+1"]
[Date "2022.08.16"]
[WhiteClock "0:00:24"]
[BlackClock "0:00:18"]

1. Nf3 Nf6 2. g3 g6 3. Bg2 Bg7 4. O-O O-O 5. c4 d6 6. Nc3 e5 7. d3 Nc6 8. Rb1 a5 9. a3 h6 10. b4 axb4 11. axb4 Be6 12. b5 Ne7 13. Bb2 Qd7 14. Qb3 Bh3 15. Ra1 Bxg2 16. Kxg2 Kh7 17. Rxa8 Rxa8 18. Ra1 Rb8 19. Qa4 Qe8 20. Nd2 Nd7 21. Qc2 f5 22. e4 Nc5 23. Nb3 Ne6 24. Nd5 f4 25. f3 h5 26. Nc1 g5 27. Qf2 Ng6 28. Ne2 c6 29. Ndc3 g4 30. h3 h4 31. fxg4 hxg3 32. Nxg3 fxg3 33. Qxg3 Ngf4+ 34. Kh2 Bf6 35. Bc1 Ra8 36. Rb1 Qe7 37. Qf3 Bh4 38. Ne2 Ra2 39. Rb2 Rxb2 40. Bxb2 Nxe2 41. Qxe2 Qf6 42. bxc6 bxc6 43. Bc1 Nd4 44. Qe3 Bg5 45. Qxg5 Nf3+ 46. Kg3 Nxg5 0-1


[Site "https://www.chess.com"]

[Event "Titled Tuesday Blitz August 16 Late 2022"]
[White "Wieczorek, Oskar"]
[Black "Pichot, Alan"]
[WhiteFideId "1133950"]
[BlackFideId "110973"]
[WhiteElo "2302"]
[BlackElo "2578"]
[Result "1-0"]
[Round "05"]
[TimeControl "180+1"]
[Date "2022.08.16"]
[WhiteClock "0:00:03"]
[BlackClock "0:00:10"]

1. e4 e5 2. Nf3 Nc6 3. Nc3 Nf6 4. h3 Bb4 5. Nd5 Bc5 6. c3 O-O 7. d4 exd4 8. cxd4 Nxd5 9. dxc5 Nf6 10. Bd3 Qe7 11. O-O Qxc5 12. Re1 d6 13. Bg5 Nd7 14. Rc1 Qa5 15. Bd2 Qh5 16. b4 a6 17. a4 a5 18. b5 Nb4 19. Bxb4 axb4 20. Rxc7 Nf6 21. Bc4 Qg6 22. e5 Ne8 23. Rxf7 Rxf7 24. exd6 Bxh3 25. g3 Qxd6 26. Rxe8+ Rxe8 27. Qxd6 1-0


[Site "https://www.chess.com"]

[Event "Titled Tuesday Blitz August 16 Late 2022"]
[White "Wiewiora, Eneasz"]
[Black "Yanchenko, Roman"]
[WhiteFideId "1140396"]
[BlackFideId "4137329"]
[WhiteElo "2291"]
[BlackElo "2514"]
[Result "1-0"]
[Round "05"]
[TimeControl "180+1"]
[Date "2022.08.16"]
[WhiteClock "0:00:47"]
[BlackClock "0:00:12"]

1. e4 e6 2. d4 d5 3. Nc3 Bb4 4. e5 Ne7 5. a3 Bxc3+ 6. bxc3 b6 7. a4 Ba6 8. Bb5+ c6 9. Bd3 c5 10. Nf3 h6 11. O-O O-O 12. Re1 Bxd3 13. cxd3 cxd4 14. cxd4 Nbc6 15. Ba3 Qd7 16. Qb3 Rfc8 17. Qb5 Nf5 18. Bb2 Rc7 19. g4 Nfe7 20. h3 Rac8 21. Ba3 Ng6 22. Bd6 Rb7 23. Kh2 Nf4 24. Kg3 Ng6 25. h4 Nge7 26. h5 f5 27. g5 f4+ 28. Kg4 Nf5 29. Rac1 hxg5 30. Nxg5 Nfxd4 31. Qb2 Nf5 32. d4 Nxd6 33. exd6 e5+ 34. Kh4 e4 35. Qb3 Qxd6 36. Rxe4 Rbc7 37. Re6 Qd8 38. Rce1 Re7 39. Rxe7 Nxe7 40. Rxe7 Qxe7 41. Qxd5+ Kh8 42. Qf5 g6 43. Qxc8+ Kg7 44. h6+ Kf6 45. Qh8+ Kf5 46. Qe5+ Qxe5 47. dxe5 1-0


[Site "https://www.chess.com"]

[Event "Titled Tuesday Blitz August 16 Late 2022"]
[White "Winterberg, Lukas"]
[Black "Chigaev, Maksim"]
[WhiteFideId "24622702"]
[BlackFideId "4108116"]
[WhiteElo "2349"]
[BlackElo "2487"]
[Result "0-1"]
[Round "05"]
[TimeControl "180+1"]
[Date "2022.08.18"]
[WhiteClock "0:00:00"]
[BlackClock "0:00:00"]

1. d4 Nf6 2. Nf3 g6 3. c4 Bg7 4. Nc3 O-O 5. e4 d6 6. Be2 e5 7. O-O Na6 8. Be3 c6 9. d5 Ng4 10. Bg5 f6 11. Bd2 Nh6 12. Rb1 c5 13. a3 Nf7 14. Ne1 Bd7 15. b4 f5 16. f3 Rc8 17. Nd3 cxb4 18. Nxb4 Nc5 19. Nd3 b6 20. Nxc5 Rxc5 21. Be3 Bh6 22. Bxc5 dxc5 23. Qd3 Nd6 24. a4 Bf4 25. g3 Qg5 26. Kg2 h5 27. Kh1 Be3 28. f4 exf4 29. gxf4 Bxf4 30. Rg1 Qh6 31. Rbf1 Be5 32. Rxg6+ Qxg6 33. Rg1 Qxg1+ 34. Kxg1 Bd4+ 35. Kg2 f4 36. Bxh5 f3+ 37. Bxf3 Nf7 38. e5 Nxe5 39. Qe4 Rxf3 40. Nb5 Bh3+ 0-1


[Site "https://www.chess.com"]

[Event "Titled Tuesday Blitz August 16 Late 2022"]
[White "Wu, Rochelle"]
[Black "Vagman, Roy"]
[WhiteFideId "30908132"]
[BlackFideId "2828995"]
[WhiteElo "2168"]
[BlackElo "1956"]
[Result "1-0"]
[Round "05"]
[TimeControl "180+1"]
[Date "2022.08.18"]
[WhiteClock "0:00:00"]
[BlackClock "0:00:00"]

1. Nf3 Nf6 2. g3 g6 3. Bg2 Bg7 4. O-O c5 5. d4 cxd4 6. Nxd4 O-O 7. Nc3 Nc6 8. Nxc6 bxc6 9. e4 Qc7 10. Re1 d6 11. Bf4 Nh5 12. Bd2 Rb8 13. Rb1 Be6 14. Qe2 Rb7 15. f4 Rfb8 16. b3 Bd4+ 17. Kh1 Nf6 18. f5 Bd7 19. Rbd1 Be5 20. g4 Be8 21. Bf3 Nd7 22. g5 Nc5 23. Qf2 Bd7 24. Bg2 Be8 25. Qh4 a5 26. f6 exf6 27. gxf6 Ne6 28. Rf1 Qd8 29. Bh3 Rb4 30. Bxe6 fxe6 31. Rf3 Bf7 32. Rdf1 d5 33. Rh3 h5 34. Qg5 Bxc3 35. Bxc3 Rxe4 36. Rxh5 Kf8 37. Rh8+ Bg8 38. Qh6+ Ke8 39. Rxg8+ Kd7 40. Rxd8+ Rxd8 41. f7 d4 42. Bxa5 Ra8 43. f8=Q Rxf8 44. Qxf8 e5 45. Rf7+ Ke6 46. Qe8+ Kd5 47. Rd7+ Kc5 48. Qe7+ Kb5 49. Qb4+ Ka6 50. Qb6# 1-0


[Site "https://www.chess.com"]

[Event "Titled Tuesday Blitz August 16 Late 2022"]
[White "Yaksin, Oleg"]
[Black "Mickiewicz, Piotr"]
[WhiteFideId "24105880"]
[BlackFideId "1114891"]
[WhiteElo "2256"]
[BlackElo "2266"]
[Result "1-0"]
[Round "05"]
[TimeControl "180+1"]
[Date "2022.08.18"]
[WhiteClock "0:00:00"]
[BlackClock "0:00:00"]

1. d4 Nf6 2. Bg5 Ne4 3. h4 c5 4. dxc5 Nxc5 5. Nd2 Nc6 6. Ngf3 d6 7. c3 Bf5 8. g3 h6 9. Be3 e6 10. Bg2 Be7 11. O-O O-O 12. Nd4 Nxd4 13. cxd4 Nd7 14. Qb3 Rb8 15. Rfc1 d5 16. Bf4 Nb6 17. Bxb8 Qxb8 18. a4 Nd7 19. e4 dxe4 20. Nxe4 Rd8 21. Nc5 Nb6 22. a5 Nd5 23. Qxb7 Qd6 24. Qb3 Rb8 25. Nb7 Qd7 26. a6 g5 27. hxg5 Bxg5 28. Rc5 Bf6 29. Bxd5 Bxd4 30. Bc6 Qd6 31. Rxf5 exf5 32. Bg2 f4 33. gxf4 Qxf4 34. Qf3 Qc7 35. Rd1 Bg7 36. b4 Re8 37. b5 Qe5 38. Qc6 Rf8 39. b6 axb6 40. a7 Qe2 41. Rf1 Qa2 42. Qxb6 Ra8 43. Na5 Bd4 44. Qxd4 1-0


[Site "https://www.chess.com"]